 Dungeon Crawl Stone Soup version 0.29-a0-994-gc5c9f59d18 (webtiles) character file.

Game seed: 1329801652666838730

630 jlumianski the Chopper (level 7, -7/53 HPs)
             Began as a Demonspawn Gladiator on Aug 4, 2022.
             Mangled by a gnoll sergeant
             ... wielding a +5 spear of venom
              (11 damage)
             ... on level 5 of the Dungeon.
             The game lasted 00:14:33 (5304 turns).

jlumianski the Chopper (Demonspawn Gladiator)       Turns: 5304, Time: 00:14:35

Health: -7/53      AC: 13    Str: 16    XL:     7   Next: 24%
Magic:  7/7        EV:  7    Int:  9    God:
Gold:   175        SH:  0    Dex: 15    Spells: 6/6 levels left

rFire   . . .      SeeInvis .   x - +8 hand axe of Ikusm {vorpal, Will+}
rCold   . . .      Faith    .   (no shield)
rNeg    . . .      Spirit   .   o - +1 plate armour
rPois   .          Reflect  .   (helmet restricted)
rElec   .          Harm     .   q - +0 cloak
rCorr   .          Rampage  .   (no gloves)
Will    +....                   (no boots)
Stlth   ..........              (no amulet)
HPRegen 0.17/turn               (no ring)
MPRegen 0.10/turn               (no ring)

@: lethally poisoned (-7 -> -23)
A: antennae 2, repulsion field 1, foul stench 1
a: no special abilities


You were on level 5 of the Dungeon.
You visited 1 branch of the dungeon, and saw 6 of its levels.

You collected 235 gold pieces.
You spent 60 gold pieces at shops.

Inventory:

Hand Weapons
 a - a +0 war axe
 f - a +0 sling
 x - the +8 hand axe of Ikusm (weapon) {vorpal, Will+}
   (You found it on level 4 of the Dungeon)

   It inflicts extra damage upon your enemies.
   Will:      It increases your willpower.
 B - a +0 dagger of venom
Missiles
 d - 3 throwing nets
 e - 7 javelins
 i - 6 boomerangs (quivered)
 j - 32 stones
Armour
 b - a +0 leather armour
 c - a +0 helmet
 h - a +0 scale mail
 o - a +1 plate armour (worn)
 q - a +0 cloak (worn)
Magical Staves
 s - a staff of conjuration
Jewellery
 l - a ring of protection from cold
 m - a ring of protection from fire
Wands
 E - a wand of iceblast (4)
Scrolls
 g - 2 scrolls of butterflies
 r - 2 scrolls of teleportation
 u - a scroll of magic mapping
 y - a scroll of poison
 z - a scroll of blinking
 D - a scroll of identify
Potions
 k - 4 potions of might
 p - a potion of invisibility
 t - 2 potions of mutation
 v - a potion of haste
 w - a potion of brilliance
 A - a potion of degeneration
 C - 3 potions of heal wounds


   Skills:
 + Level 3.6 Fighting
 + Level 5.6 Axes
 + Level 2.3 Throwing
 + Level 3.0 Armour
 + Level 3.3 Dodging
 + Level 0.2 Stealth


You had 6 spell levels left.
You didn't know any spells.
Your spell library was empty.

Dungeon Overview and Level Annotations

Branches:
Dungeon (6/15)
 Temple: D:4-7

Altars:
Nemelex Xobeh

Shops:
D:5 !


Innate Abilities, Weirdness & Mutations

You have a pair of antennae on your head.
You are surrounded by a mild repulsion field. (EV +2)
You may rarely emit foul miasma when damaged in melee.


Message History

You start resting.
HP restored.
You climb downwards.
There is a stone staircase leading up, spattered with blood here.
The white imp gestures at you.
The puff of frost hits you but does no damage.
The white imp gestures at you.
The puff of frost hits you but does no damage.
The gnoll sergeant hits you with a +5 spear of venom.
You are poisoned.
There is a stone staircase leading up, spattered with blood here.
You feel sick. The white imp gestures at you. The puff of frost hits you.
The gnoll sergeant hits you with a +5 spear of venom.
You are more poisoned.
You climb upwards.
You feel very sick.
There is a stone staircase leading down here.
You completely miss the gnoll sergeant.
You feel very sick.
The gnoll sergeant hits you with a +5 spear of venom!
You are lethally poisoned!
You hit the gnoll sergeant but do no damage.
You feel very sick.
The gnoll sergeant hits you with a +5 spear of venom.
You are more poisoned.
You feel better.
The gnoll sergeant hits you with a +5 spear of venom.
You are poisoned.
You completely miss the gnoll sergeant.
You feel sick.
The gnoll sergeant hits you with a +5 spear of venom!
* * * LOW HITPOINT WARNING * * *
You are lethally poisoned!
You hit the gnoll sergeant.
The gnoll sergeant is moderately wounded.
* * * LOW HITPOINT WARNING * * *
You feel very sick.
The gnoll sergeant hits you with a +5 spear of venom!
You die...

# ## .## .. ..# #. #.#
#.##.######.
#........... #)# #@# #g#
#.## #..# #..# #..#
######..#####.
#.............
###########.###...######


You could see a gnoll sergeant.

Vanquished Creatures
  2 black bears (D:4)
  A phantom (D:4)
  2 jellies
  An iguana (D:4)
  2 orc wizards (D:4)
  3 gnolls (D:5)
  11 adders
  A white imp (D:5)
  2 worms
  4 dart slugs
  6 orcs
  2 ball pythons
  2 bats (D:1)
  7 endoplasms
  7 giant cockroaches
  4 goblins
  6 hobgoblins
  7 jackals (D:1)
  10 kobolds
  4 quokkas
  7 frilled lizards
  3 rats (D:1)
94 creatures vanquished.

Notes
Turn   | Place    | Note
-------+----------+-------------------------------------------
     0 | D:1      | jlumianski the Demonspawn Gladiator began the quest for the
                  | Orb.
     0 | D:1      | Reached XP level 1. HP: 16/16 MP: 1/1
   383 | D:1      | Reached skill level 3 in Axes
   383 | D:1      | Gained mutation: You are surrounded by a mild repulsion
                  | field. (EV +2) [demonic ancestry]
   383 | D:1      | Reached XP level 2. HP: 21/22 MP: 2/2
   619 | D:1      | Found a faded altar of an unknown god.
   645 | D:1      | Reached XP level 3. HP: 27/27 MP: 3/3
  1600 | D:2      | Gained mutation: You have a pair of small antennae on your
                  | head. [demonic ancestry]
  1600 | D:2      | Reached XP level 4. HP: 29/34 MP: 4/4
  1958 | D:4      | Found a sparkling altar of Nemelex Xobeh.
  2035 | D:4      | Identified the +8 hand axe of Ikusm {vorpal, Will+}
  2174 | D:3      | Reached skill level 4 in Axes
  2251 | D:3      | Reached skill level 1 in Armour
  2251 | D:3      | Gained mutation: You have a pair of antennae on your head.
                  | [demonic ancestry]
  2251 | D:3      | Reached XP level 5. HP: 39/39 MP: 5/5
  3083 | D:3      | Reached XP level 6. HP: 38/47 MP: 6/6
  3682 | D:4      | Reached skill level 5 in Axes
  3990 | D:5      | Entered Level 5 of the Dungeon
  4109 | D:4      | Gained mutation: You may rarely emit foul miasma when
                  | damaged in melee. [demonic ancestry]
  4109 | D:4      | Reached XP level 7. HP: 42/53 MP: 7/7
  4542 | D:5      | Found Felis's Distillery.
  4551 | D:5      | Bought a potion of heal wounds for 60 gold pieces
  5304 | D:5      | Mangled by a gnoll sergeant

Illustrated notes

Levels and vault maps discovered:
D:1:      minmay_arrival_loop, layout_basic,
          shapermc_ecumenical_altar_starsandcircs, chequers_jeans
D:2:      layout_basic, kennysheep_generic_room_9
D:3:      layout_basic, mainiacjoe_overflow_alcove_2
D:4:      wad_pebble_path, layout_basic, amcnicky_altar_gilded,
          gup_sewer_entry_pipe
D:5:      layout_loops_ring, serial_shops, nicolae_shop_crystal
D:6:      minmay_skewed_foursquare, layout_cave_pools, lightli_temple_of_fire,
          nicolae_hepliaklqana_monster_ancestors,
          minmay_temple_entry_butterflies, minmay_pentangle

Skill      XL: |  1  2  3  4  5  6  7 |
---------------+----------------------+-----
Axes           | 3 4 5 |  5.6
Dodging        | 3 |  3.3
Armour         | 1 2 3 |  3.0
Fighting       | 3 |  3.6
Throwing       | 2 |  2.3
Stealth        | |  0.2

Action                   |  1- 3 |  4- 6 |  7- 9 || total
-------------------------+-------+-------+-------++-------
Melee: War axe           |   106 |    21 |       ||   127
       Hand axe          |       |    93 |    26 ||   119
Throw: Boomerang         |       |    17 |       ||    17
  Use: Scroll            |       |    15 |       ||    15
       Potion            |       |     2 |     1 ||     3
Armor: Scale mail        |    35 |       |       ||    35
       Plate armour      |    19 |    74 |    15 ||   108
Dodge: Dodged            |    72 |    45 |    11 ||   128

Table legend: (Time is in decaauts)
 A = Elapsed time spent in this place.
 B = Non-inter-level travel time spent in this place.
 C = Inter-level travel time spent in this place.
 D = Time resting spent in this place.
 E = Time spent auto-exploring this place.
 F = Levels seen in this place.
 G = Mean time per level.
                   A        B        C        D        E       F      G
               +--------+--------+--------+--------+--------+-----+--------+
         Total |   5374 |   5234 |    140 |   1116 |   2594 |   6 |  895.7 |
       Dungeon |   5374 |   5234 |    140 |   1116 |   2594 |   6 |  895.7 |
               +--------+--------+--------+--------+--------+-----+--------+

Top non-repeatable levels by time:
     D:4: 1555 daAuts
     D:3: 1221 daAuts
     D:2: 1020 daAuts
     D:1: 792 daAuts
     D:5: 729 daAuts
     D:6: 54 daAuts
